 Dungeon Crawl Stone Soup version 0.31.0-32-g396128a36d (webtiles) character file.

Game seed: 5888472729596169244

3308 PaiMei the Purveyor of Pain (level 9, 0/67 (71) HPs)
             Began as a Demonspawn Necromancer on Apr 1, 2024.
             Was an Initiate of Kikubaaqudgha.
             Slain by a wight
             ... wielding a +3 falchion
              (2 damage)
             ... on level 8 of the Dungeon.
             The game lasted 00:17:43 (7367 turns).

PaiMei the Purveyor of Pain (DsNe)                  Turns: 7367, Time: 00:17:44

HP:   0/67 (71)     AC:  7    Str: 14    XL:     9   Next: 70%
MP:   18/18         EV: 14    Int: 24    God:    Kikubaaqudgha [......]
Gold: 158           SH:  0    Dex: 14    Spells: 8/21 levels left

rFire   + . .        a - +4 hand axe (flame)
rCold   . . .        (no shield)
rNeg    . . .        u - +2 leather armour {rF+}
rPois   .            (no helmet)
rElec   .            w - scarf {shadows}
rCorr   +            C - +0 pair of gloves
SInv    .            z - +0 pair of boots
Will    .....        y - amulet of magic regeneration
Stlth   ++           p - ring of resist corrosion
HPRegen 0.31/turn    v - +6 ring of strength
MPRegen 0.56/turn

%: no passive effects
@: drained
A: claws 1, big brain 2, demonic magic 2
a: Renounce Religion


You were on level 8 of the Dungeon.
You worshipped Kikubaaqudgha.
Kikubaaqudgha was noncommittal.
You visited 2 branches of the dungeon, and saw 8 of its levels.
You also visited: Bailey.

You collected 158 gold pieces.

Inventory:

Hand Weapons
 a - a +4 hand axe of flaming (weapon)
 c - a +1 dagger of venom
 H - a +0 triple sword
Missiles
 q - 11 poisoned darts (quivered)
 B - 2 throwing nets
Armour
 u - a +2 leather armour of fire resistance (worn)
 w - a scarf of shadows (worn)
 z - a +0 pair of boots (worn)
 C - a +0 pair of gloves (worn)
 F - a +1 ring mail of willpower
Jewellery
 o - a ring of resist corrosion
 p - a ring of resist corrosion (left hand)
 v - a +6 ring of strength (right hand)
 y - an amulet of magic regeneration (around neck)
Wands
 G - a wand of roots (8)
Scrolls
 d - 2 scrolls of enchant weapon {unknown}
 e - 2 scrolls of immolation {unknown}
 g - 2 scrolls of enchant armour {unknown}
 j - 2 scrolls of fog {unknown}
 k - 2 scrolls of teleportation
 m - a scroll of revelation {unknown}
 n - a scroll of noise {unknown}
 s - 2 scrolls of amnesia {unknown}
 t - 4 scrolls of identify {unknown}
 A - a scroll of summoning {unknown}
Potions
 b - 2 potions of magic
 f - a potion of degeneration {unknown}
 h - 2 potions of curing {unknown}
 i - 4 potions of heal wounds {unknown}
 l - 3 potions of cancellation {unknown}
 r - a potion of mutation {unknown}
 x - a potion of resistance {unknown}
 D - 2 potions of invisibility {unknown}
 E - a potion of brilliance {unknown}


   Skills:
 + Level 6.7 Fighting
 + Level 6.5 Dodging
 - Level 2.0 Stealth
 + Level 6.6 Spellcasting
 + Level 8.8 Necromancy


You had 8 spell levels left.
You knew the following spells:

 Your Spells              Type           Power      Damage    Failure   Level
a - Necrotise             Necr           100%       1d9       1%          1
b - Vampiric Draining     Necr           50%        2d9       1%          3
c - Animate Dead          Necr           50%        N/A       2%          4
d - Curse of Agony        Necr           50%        N/A       7%          5

Your spell library contained the following spells:

 Spells                   Type           Power      Damage    Failure   Level
 Inner Flame              Hex/Fire       7%         N/A       28%         3
 Death Channel            Necr           25%        N/A       36%         6
 Borgnjor's Vile Clutch   Necr/Erth      14%        N/A       41%         5
 Flame Wave               Conj/Fire      7%         2d5       67%         4
 Manifold Assault         Tloc           7%         N/A       67%         4
 Sticky Flame             Fire/Alch      7%         2d4       67%         4
 Dispersal                Tloc           3%         N/A       100%        6
 Disjunction              Tloc           3%         N/A       100%        8


Dungeon Overview and Level Annotations

Branches:
Dungeon (8/15)             Temple (1/1) D:7          Bailey (visited)
   Lair: D:8-11

Altars:
Ashenzari
Cheibriados
Kikubaaqudgha
Makhleb
Nemelex Xobeh
Okawaru
Qazlal
Ru
Sif Muna
Trog
Uskayaw
Wu Jian
Xom
Yredelemnul


Innate Abilities, Weirdness & Mutations

You have sharp fingernails.
You have an extremely huge brain. (Int +4)
Spells you cast may paralyse nearby enemies.


Message History

16 gold pieces; a +0 mace; a +0 robe You slash the wight!
You burn the wight.
The wight is severely damaged.
Your komodo dragon zombie bites the wight.
The wight hits your komodo dragon zombie with a +5 great sword!
You hit the wight but do no damage.
The wight is severely damaged.
Your komodo dragon zombie bites the wight.
The wight is destroyed!
Kikubaaqudgha accepts your kill.
You barely miss the wight. The wight hits you with a +3 falchion!
* * * LOW HITPOINT WARNING * * *
You feel drained.
Your komodo dragon zombie bites the wight but does no damage.
The wight misses you. The wight misses you. The wight barely misses you.
Things that are here:
a +5 great sword; a +0 robe The wight barely misses you.
Your komodo dragon zombie barely misses the wight.
The wight hits your komodo dragon zombie with a +3 falchion!
The wight misses you.
Your komodo dragon zombie bites the wight but does no damage.
The wight hits your komodo dragon zombie with a +3 falchion.
Your komodo dragon zombie barely misses the wight.
The wight hits your komodo dragon zombie with a +0 spear.
The wight hits you with a +3 falchion!
* * * LOW HITPOINT WARNING * * *
Your komodo dragon zombie misses the wight.
The wight hits your komodo dragon zombie but does no damage.
The wight barely misses you.
You hit the wight. You burn the wight.
The wight is heavily damaged.
Your komodo dragon zombie bites the wight.
The wight hits your komodo dragon zombie with a +0 spear!
The wight hits you with a +3 falchion.
* * * LOW HITPOINT WARNING * * *
You feel drained.
You die...
Kikubaaqudgha rasps: "You have failed me!
Welcome... death!"

#...#.#.# #...##......
.._...... ##..###......P
#...#.#.# #...###........
##.##.# ###.#..........P..
......# ...................
##.#### )..>...............
... #...............P...
##.## ##.?.................
#...# #........@...........
#..###...........z..........
#....... ........Z...>......
.....# ###)......)z.....#...
..######...##..#..#..##.....
...........................
.####.####...##..รท..####.##.
.##...# ##.####...#......#
....### #..####..........#


You could see 2 wights and a friendly komodo dragon zombie.

Vanquished Creatures
  A komodo dragon (D:8)
  Psyche (D:8)
  A hornet (D:8)
  6 water moccasins
  4 ice beasts
  An ogre (Bailey)
  A centaur (D:4)
  A phantom (D:4)
  A kobold brigand (D:7)
  3 bullfrogs (D:8)
  A gnoll sergeant (D:7)
  2 scorpions
  2 howler monkeys (D:8)
  2 bombardier beetles
  5 hounds
  A gnoll bouda (D:7)
  An orc priest (D:4)
  5 iguanas
  A sleepcap (D:6)
  5 orc wizards
  4 adders
  6 gnolls
  A shadow imp (D:6)
  3 white imps
  2 ufetubi (D:6)
  A ribbon worm (D:5)
  15 orcs
  An endoplasm (D:1)
  A giant cockroach (D:2)
  5 hobgoblins
  A jackal (D:4)
  2 quokkas (D:1)
  3 ball pythons
  3 frilled lizards
  10 goblins
  8 kobolds
  3 rats
114 creatures vanquished.

Vanquished Creatures (collateral kills)
  2 wights (D:8)
  An orc (D:4)
  An endoplasm (D:2)
4 creatures vanquished.

Grand Total: 118 creatures vanquished

Notes
Turn   | Place    | Note
-------+----------+-------------------------------------------
     0 | D:1      | PaiMei the Demonspawn Necromancer began the quest for the
                  | Orb.
     0 | D:1      | Reached XP level 1. HP: 13/13 MP: 3/3
   291 | D:1      | Gained mutation: You have sharp fingernails. [demonic
                  | ancestry]
   291 | D:1      | Reached XP level 2. HP: 17/19 MP: 0/5
  1159 | D:2      | You fall into a shaft and drop 2 floors!
  1194 | D:4      | Reached skill level 1 in Fighting
  1194 | D:4      | Reached XP level 3. HP: 19/26 MP: 0/6
  1198 | D:4      | Learned a level 3 spell: Vampiric Draining
  1303 | D:4      | Reached XP level 4. HP: 19/32 MP: 2/7
  1505 | D:4      | Found a snail-covered altar of Cheibriados.
  1513 | D:4      | Noticed a centaur
  1524 | D:4      | Killed a centaur
  1525 | D:4      | Reached skill level 5 in Necromancy
  1525 | D:4      | Gained mutation: You have an unusually large brain. (Int
                  | +2) [demonic ancestry]
  1525 | D:4      | Reached XP level 5. HP: 5/38 MP: 0/9
  1556 | D:5      | Entered Level 5 of the Dungeon
  2274 | D:5      | Gained mutation: You have an extremely huge brain. (Int +4)
                  | [demonic ancestry]
  2274 | D:5      | Reached XP level 6. HP: 46/46 MP: 4/11
  2535 | D:5      | Found a sparkling altar of Nemelex Xobeh.
  3394 | D:4      | Reached skill level 6 in Necromancy
  3394 | D:4      | Gained mutation: Spells you cast may paralyse adjacent
                  | enemies. [demonic ancestry]
  3394 | D:4      | Reached XP level 7. HP: 51/52 MP: 12/12
  4478 | D:6      | Reached XP level 8. HP: 45/61 MP: 7/14
  5026 | D:7      | Reached skill level 7 in Necromancy
  5075 | D:7      | Reached skill level 5 in Spellcasting
  5141 | D:7      | Reached skill level 5 in Dodging
  5171 | D:7      | Reached skill level 5 in Fighting
  5352 | D:7      | Found a staircase to the Ecumenical Temple.
  5360 | Temple   | Entered the Ecumenical Temple
  5378 | Temple   | Became a worshipper of Kikubaaqudgha
  5779 | D:8      | Found a flagged portal.
  5798 | D:8      | Learned a level 4 spell: Animate Dead
  5804 | D:8      | Learned a level 5 spell: Curse of Agony
  5805 | Bailey   | Entered a bailey
  6024 | D:8      | Noticed Psyche
  6025 | D:8      | Noticed a hornet
  6036 | D:8      | Paralysed by a hornet for 1 turns
  6042 | D:8      | Killed a hornet
  6043 | D:8      | Gained mutation: Spells you cast may paralyse nearby
                  | enemies. [demonic ancestry]
  6043 | D:8      | Reached XP level 9. HP: 48/69 MP: 7/17
  6051 | D:8      | Killed Psyche
  6052 | D:8      | Reached skill level 8 in Necromancy
  6330 | D:8      | Found a sacrificial altar of Ru.
  7301 | D:8      | Noticed a komodo dragon
  7312 | D:8      | Killed a komodo dragon
  7367 | D:8      | HP: 2/69 [wight/+3 falchion (4)]
  7367 | D:8      | Slain by a wight

Illustrated notes

Levels and vault maps discovered:
D:1:      beargit_arrival_greenhouse, layout_loops_ring, item_on_display_a
D:2:      layout_loops_ring, basic_altar
D:4:      layout_basic, cheibriados_altar_1, minmay_ruptured
D:5:      layout_basic, mainiacjoe_overflow_small_starburst
D:6:      layout_loops_corners, grunt_decor_fettered
D:7:      layout_loops_ring, minmay_temple_entry_trees, grunt_tough_drop
D:8:      layout_rooms, nicolae_ru_sacrificial_ziggurat,
          due_lair_maze_entry_diamond, enter_bailey_5,
          minmay_shop_enchanted_jewellery, uniq_pikel, uniq_psyche
Temple:   nicolae_temple_bog_church

Skill      XL: |  1  2  3  4  5  6  7  8  9 |
---------------+----------------------------+-----
Stealth        | 2 |  2.0
Dodging        | 2 3 4 5 6 |  6.5
Fighting       | 1 2 3 4 5 6 |  6.7
Spellcasting   | 3 4 5 6 |  6.6
Necromancy     | 5 6 7 8 |  8.8

Action                     |  1- 3 |  4- 6 |  7- 9 || total
---------------------------+-------+-------+-------++-------
  Melee: Dagger            |     9 |    20 |       ||    29
         Mace              |     1 |       |       ||     1
         Hand axe          |       |     7 |    89 ||    96
         Punch             |       |       |     3 ||     3
   Cast: Necrotise         |    50 |    66 |    51 ||   167
         Vampiric Draining |       |     6 |    86 ||    92
         Animate Dead      |       |       |     1 ||     1
    Use: Scroll            |       |       |     3 ||     3
   Stab: Paralysed         |       |       |    24 ||    24
 Armour: Robe              |    16 |    30 |       ||    46
         Leather armour    |       |    11 |   103 ||   114
  Dodge: Dodged            |    17 |    34 |    99 ||   150
